 Dungeon Crawl Stone Soup version 0.29-a0-393-g47a863cc1b (webtiles) character file.

Game seed: 12287875655929856615

253906 Bruhh the Prince of Secrets (level 20, -15/221 HPs)
             Began as a Gnoll Ice Elementalist on May 9, 2022.
             Was a High Priest of Ashenzari.
             Killed from afar by a war gargoyle (34 damage)
             ... with a spray of metal splinters
             ... led by a peacekeeper
             ... on level 3 of the Vaults.
             The game lasted 02:14:25 (45981 turns).

Bruhh the Prince of Secrets (GnIE)                 Turns: 45981, Time: 02:14:26

Health: -15/221    AC: 35    Str: 14    XL:     20   Next: 16%
Magic:  44/51      EV: 24    Int: 30    God:    Ashenzari [*****.]
Gold:   2596       SH: 18    Dex: 24    Spells: 10/56 levels left

rFire   . . .      SeeInvis +   M - +6 mace of Fimbulwinter {flame, Drain Str-4 Int+8 Dex+9}
rCold   + . .      Faith    .   b - +2 kite shield "Chained Omen" {Self, Evo} (curse)
rNeg    + . .      Spirit   .   (body armour currently unavailable)
rPois   ∞          Reflect  .   e - +2 helmet of Supernal Understanding {Int+3, Melee, Self} (curse)
rElec   +          Harm     .   O - +0 cloak of Duzxis {Str+7 Stlth+}
rCorr   .          Rampage  .   (gloves currently unavailable)
Will    +....      Clarity  +   (boots currently unavailable)
Stlth   ++++++++.. Rnd*Tele +   o - amulet "Bound Together" {Regen+, Self, Fort} (curse)
HPRegen 1.26/turn               B - ring of Ashenzari's Fanaticism {rPois Dex+3 SInv, Bglg, Elem} (curse)
MPRegen 0.32/turn               p - ring of the Eternal Fanaticism {MP+9, Bglg, Fort} (curse)

@: statue-form, marked, forested, very slow
A: slow and powerful, torment resistance 1, boosted hp, fangs 1, strong nose,
distributed training, camouflage 1, berserk 1, cold resistance 1, deterioration
1, dopey 1, sense surroundings 2, teleportitis 1, no potion heal 1
}: 1/15 runes: barnacled
a: End Transformation, Renounce Religion, Shatter the Chains


You were on level 3 of the Vaults.
You worshipped Ashenzari.
Ashenzari was extremely pleased with you.
You were a living statue of rough stone.
You visited 7 branches of the dungeon, and saw 33 of its levels.
You visited the Abyss 1 time.
You also visited: Bailey and Gauntlet.

You collected 3336 gold pieces.
You spent 740 gold pieces at shops.

Inventory:

Hand Weapons
 M - the +6 mace of Fimbulwinter (weapon) {flame, Drain Str-4 Int+8 Dex+9}
   (You found it on level 7 of the Dungeon)

   It burns those it strikes, dealing additional fire damage.
   Str:       It affects your strength (-4).
   Int:       It affects your intelligence (+8).
   Dex:       It affects your dexterity (+9).
   Drain:     It drains your maximum health when unequipped.
Missiles
 d - 5 throwing nets
Armour
 b - the cursed +2 kite shield "Chained Omen" (worn) {Self, Evo}
   (You took it off Asterion on level 1 of the Elven Halls)

   It has a curse which improves the following skills: Introspection: Fighting
   and Spellcasting.
   Evocations: Evocations.
 e - the cursed +2 helmet of Supernal Understanding (worn) {Int+3, Melee, Self}
   (You bought it in a shop on level 1 of the Shoals)

   It has a curse which improves the following skills: Melee Combat: Short
   Blades, Long Blades, Axes, Maces & Flails, Polearms, Staves and Unarmed
   Combat.
   Introspection: Fighting and Spellcasting.
 u - the cursed +0 pair of gloves of Ashenzari's Discomfort (melded) {Bglg, Evo}
   (You found it on level 2 of the Dungeon)

   It has a curse which improves the following skills: Beguiling: Conjurations,
   Hexes and Translocations.
   Evocations: Evocations.
 y - the cursed +0 pair of boots of the Shattered Augurer (melded) {Bglg, Fort}
   (You found it on level 3 of the Dungeon)

   It has a curse which improves the following skills: Beguiling: Conjurations,
   Hexes and Translocations.
   Fortitude: Armour and Shields.
 E - the cursed +0 troll leather armour "Gnosis of Ashenzari" (melded) {Regen+, Comp, Elem}
   (You found it on level 2 of the Orcish Mines)

   Regen:     It increases your rate of health regeneration.
   It has a curse which improves the following skills: Companions: Summonings
   and Necromancy.
   Elements:  Fire Magic, Ice Magic, Air Magic and Earth Magic.
 O - the +0 cloak of Duzxis (worn) {Str+7 Stlth+}
   (You found it in a Gauntlet)

   Str:       It affects your strength (+7).
   Stlth:     It makes you more stealthy.
 W - a +2 ring mail of willpower
Magical Staves
 j - a staff of conjuration
Jewellery
 o - the cursed amulet "Bound Together" (around neck) {Regen+, Self, Fort}
   (You acquired it on level 8 of the Dungeon)

   [amulet of regeneration]

   Regen:     It increases your rate of health regeneration.
   It has a curse which improves the following skills: Introspection: Fighting
   and Spellcasting.
   Fortitude: Armour and Shields.
 p - the cursed ring of the Eternal Fanaticism (right fist) {MP+9, Bglg, Fort}
   (You found it on level 2 of the Dungeon)

   [ring of magical power]

   MP:        It affects your magic capacity (+9).
   It has a curse which improves the following skills: Beguiling: Conjurations,
   Hexes and Translocations.
   Fortitude: Armour and Shields.
 B - the cursed ring of Ashenzari's Fanaticism (left fist) {rPois Dex+3 SInv, Bglg, Elem}
   (You found it on level 4 of the Dungeon)

   [ring of see invisible]

   Dex:       It affects your dexterity (+3).
   rPois:     It protects you from poison.
   SInv:      It lets you see invisible.
   It has a curse which improves the following skills: Beguiling: Conjurations,
   Hexes and Translocations.
   Elements:  Fire Magic, Ice Magic, Air Magic and Earth Magic.
 F - a ring of willpower
 I - the ring "Amiugaw" {rN+ Int+5 SInv}
   (You found it on level 4 of the Shoals)

   [ring of see invisible]

   Int:       It affects your intelligence (+5).
   rN:        It protects you from negative energy.
   SInv:      It lets you see invisible.
 Q - the ring "Vethiys" {Str+2 Int+6 Dex+4}
   (You found it in a Gauntlet)

   [ring of intelligence]

   Str:       It affects your strength (+2).
   Int:       It affects your intelligence (+6).
   Dex:       It affects your dexterity (+4).
Wands
 a - a wand of flame (13)
 x - a wand of iceblast (14)
 N - a wand of polymorph (6)
 P - a wand of digging (11)
 R - a wand of charming (11)
 U - a wand of mindburst (24)
 X - a wand of paralysis (18)
 Y - a wand of acid (18)
Scrolls
 c - 7 scrolls of immolation
 f - 2 scrolls of silence
 h - a scroll of blinking
 i - 9 scrolls of teleportation
 l - 2 scrolls of brand weapon
 m - 4 scrolls of enchant weapon
 q - 4 scrolls of poison
 r - 4 scrolls of fog
 s - 9 scrolls of vulnerability
 v - 4 scrolls of summoning
 C - 4 scrolls of amnesia
 G - 2 scrolls of torment
 J - 6 scrolls of magic mapping
 S - 5 scrolls of fear
Potions
 g - 6 potions of invisibility
 k - 5 potions of lignification
 w - 5 potions of brilliance
 z - 3 potions of berserk rage
 D - 6 potions of might
 K - 16 potions of curing
 T - 2 potions of cancellation
 V - 6 potions of flight
Miscellaneous
 A - a phial of floods
 H - a phantom mirror
 L - a tin of tremorstones (2/2)


   Skills:
 + Level 13.5(18.0) Fighting
 + Level 13.5(15.8) Short Blades
 + Level 13.5(15.8) Long Blades
 + Level 13.5(15.8) Axes
 + Level 13.5(15.8) Maces & Flails
 + Level 13.5(15.8) Polearms
 + Level 13.5(15.8) Staves
 + Level 13.5 Slings
 + Level 13.5 Bows
 + Level 13.5 Crossbows
 + Level 13.5 Throwing
 + Level 13.5(16.9) Armour
 + Level 14.3 Dodging
 + Level 14.1 Stealth
 + Level 13.5(16.9) Shields
 + Level 13.5(15.8) Unarmed Combat
 + Level 14.4(18.8) Spellcasting
 + Level 11.5(14.9) Conjurations
 + Level 11.5(14.9) Hexes
 + Level 11.5 Summonings
 + Level 11.5 Necromancy
 + Level 11.5(14.9) Translocations
 + Level 11.5 Transmutations
 + Level 11.5(13.8) Fire Magic
 + Level 13.4(15.6) Ice Magic
 + Level 11.5(13.8) Air Magic
 + Level 11.5(13.8) Earth Magic
 + Level 11.5 Poison Magic
 + Level 14.7 Invocations
 + Level 13.5(15.8) Evocations


You had 10 spell levels left.
You knew the following spells:

 Your Spells              Type           Power      Damage    Failure   Level
a - Freeze                Ice            100%       1d11      0%          1
b - Frozen Ramparts       Ice            100%       1d12      0%          3
c - Statue Form           Tmut/Erth      54%        N/A       1%          6
d - Malign Gateway        Summ/Tloc      41%        N/A       9%          7
e - Tukima's Dance        Hex            87%        N/A       0%          3
f - Irradiate             Conj/Tmut      41%        3d27      1%          5
g - Borgnjor's Vile Clut  Necr/Erth      40%        N/A       1%          5
h - Iron Shot             Conj/Erth      42%        9d8       1%          6
i - Summon Mana Viper     Hex/Summ       82%        N/A       1%          5
j - Summon Forest         Summ/Tloc      41%        N/A       1%          5

Your spell library contained the following spells:

 Spells                   Type           Power      Damage    Failure   Level
 Apportation              Tloc           100%       N/A       0%          1
 Magic Dart               Conj           100%       1d8       0%          1
 Sandblast                Erth           100%       2d20      0%          1
 Searing Ray              Conj           100%       2d8       0%          2
 Ozocubu's Armour         Ice            89%        N/A       0%          3
 Portal Projectile        Hex/Tloc       100%       N/A       0%          3
 Animate Skeleton         Necr           100%       N/A       1%          1
 Pain                     Necr           100%       1d9       1%          1
 Sting                    Tmut/Pois      100%       1d8       1%          1
 Summon Small Mammal      Summ           100%       N/A       1%          1
 Passwall                 Tmut/Erth      67%        N/A       1%          2
 Poisonous Vapours        Pois/Air       100%       N/A       1%          2
 Call Canine Familiar     Summ           78%        N/A       1%          3
 Conjure Flame            Conj/Fire      85%        6-21      1%          3
 Ignite Poison            Fire/Tmut/Pois 80%        N/A       1%          3
 Stone Arrow              Conj/Erth      100%       3d13      1%          3
 Summon Guardian Golem    Hex/Summ       82%        N/A       1%          3
 Animate Armour           Summ/Erth      100%       N/A       1%          4
 Animate Dead             Necr           39%        N/A       1%          4
 Fulminant Prism          Conj/Hex       43%        3d20      1%          4
 Hailstorm                Conj/Ice       88%        3d18      1%          4
 Leda's Liquefaction      Hex/Erth       42%        N/A       1%          4
 Olgreb's Toxic Radiance  Pois           78%        N/A       1%          4
 Passage of Golubria      Tloc           87%        N/A       1%          4
 Sticky Flame             Conj/Fire      85%        2d10      1%          4
 Agony                    Necr           78%        N/A       1%          5
 Blade Hands              Tmut           39%        N/A       1%          5
 Excruciating Wounds      Necr           39%        N/A       1%          5
 Fireball                 Conj/Fire      42%        3d17      1%          5
 Lee's Rapid Deconstruct  Erth           42%        3d21*     1%          5
 Silence                  Hex/Air        42%        N/A       1%          5
 Yara's Violent Unravell  Hex/Tmut       41%        3d16      1%          5
 Conjure Ball Lightning   Conj/Air       42%        3x3d15    1%          6
 Starburst                Conj/Fire      42%        6d12      1%          6
 Death Channel            Necr           39%        N/A       3%          6
 Summon Cactus Giant      Summ           39%        N/A       3%          6
 Dragon Form              Tmut           39%        N/A       17%         7
 Discord                  Hex            43%        N/A       32%         8
 Disjunction              Tloc           43%        N/A       32%         8
 Lehudib's Crystal Spear  Conj/Erth      42%        10d10     38%         8
 Ignition                 Fire           42%        3d12      45%         8
 Summon Horrible Things   Summ           39%        N/A       78%         8
 Chain Lightning          Conj/Air       42%        3d56      99%         9
 Fire Storm               Conj/Fire      42%        8d11      99%         9
 Shatter                  Erth           42%        3d33*     100%        9


Dungeon Overview and Level Annotations

Branches:
Dungeon (15/15)            Temple (1/1) D:5            Lair (6/6) D:9
 Shoals (4/4) Lair:3       Spider (0/4) Lair:3        Slime (0/5) Lair:6
    Orc (2/2) D:9             Elf (2/3) Orc:2        Vaults (3/5) D:14
  Crypt (0/3) Vaults:3     Depths (0/4) D:15         Bailey (visited)
Gauntlet (visited)

Altars:
Ashenzari
Cheibriados
Dithmenos
Elyvilon
Fedhas
Gozag
Hepliaklqana
Kikubaaqudgha
Makhleb
Nemelex Xobeh
Okawaru
Qazlal
Ru
Sif Muna
Trog
Uskayaw
Vehumet
Wu Jian
Xom
Yredelemnul
Zin
The Shining One
Beogh
Jiyva
Lugonu

Shops:
Orc:1 (   Orc:2 (:[*   Shoals:1 [=*   Vaults:1 =*[?(

Portals:
Abyss: Lair:2 Lair:6

Annotations:
Lair:2 2 transporters, makewrite's ghost, journeyman MiBe
Shoals:2 3 runed translucent doors, Edux's ghost, journeyman MiBe
Elf:2 3 runed translucent doors
Vaults:3 3 runed translucent doors, Corraure's ghost, adept FoFi


Innate Abilities, Weirdness & Mutations

You are a living statue of rough stone.
Your actions are slow, but your melee attacks are powerful.
You are resistant to unholy torment.
Your maximum health is greatly increased.
You are immune to poison.
Your equipment is partially melded.
You have very sharp teeth.
Your uncanny sense of smell can sniff out nearby items.
Your experience applies equally to all skills.
Your skin changes colour to match your surroundings (Stealth+).
You tend to lose your temper in combat.
Your flesh is cold resistant. (rC+)
Your body sometimes deteriorates upon taking damage.
You are dopey. (Int -2)
You passively map the area around you.
You are occasionally teleported next to monsters.
Potions are less effective at restoring your health.


Message History

The spray of metal splinters hits you. You block the lindwurm's attack. x2
The lindwurm claws you.
You see here a lindwurm corpse.
You are confused.
Your system partially rejects the healing.
You feel invigorated.
The war gargoyle hits you with a +1 morningstar of flaming!!!
* * * LOW HITPOINT WARNING * * *
The war gargoyle burns you!!
* * * LOW HITPOINT WARNING * * *
The war gargoyle closely misses you. The lindwurm breathes flames at you.
The blast of flame hits you!
* * * LOW HITPOINT WARNING * * *
You hear a shout!
Your system partially rejects the healing.
You feel better.
You are engulfed in a cloud of scalding steam.
You feel less invigorated.
The war gargoyle no longer looks unusually strong.
The war gargoyle completely misses you. You block the lindwurm's attack. x2
The lindwurm barely misses you. You block the war gargoyle's attack.
You block the lindwurm's attack.
The lindwurm claws you but does no damage.
The lindwurm misses you.
The war gargoyle hits you but does no damage.
Blink to where?
Press: ? - help, Dir - move target
As you read the scroll of blinking, it crumbles to dust.
Your eldritch tentacle slaps the war gargoyle!
The war gargoyle seems to speed up.
Your eldritch tentacle claws the war gargoyle but does no damage.
Your eldritch tentacle barely misses the lindwurm.
Your eldritch tentacle claws the lindwurm!!
The lindwurm easily resists.
The lindwurm bites your eldritch tentacle but does no damage.
The lindwurm claws your eldritch tentacle but does no damage. x2
The war gargoyle launches metal splinters at you.
The spray of metal splinters hits you!!
You die...

, , , ..#.......##..##### , , ,
, .....#.......###...... * , ,
.....#......^####..... ,,
*##########.......#####...# , ,,
,.................######'## , ,
.......................... , ,
,..........................
,,,,,........................?..
, , ...♣......8................
,,, ,......*...................
, *** #..../§.#♣♣#♣###########..
, ,,###.<≈≈≈#♣#p♣{** , .#.. * ,
, ♣≈)\9≈♣#.∆*∆ * ,, .#.. * *
,,♣♣≈kw≈♣p}∆+∆∆ , {,.#.# , ** *
♣♣..§≈♣♣#+ +*** ,.#.# ,,
,.♣...)♣H$∆ ∆∆, ,∆{ ,#.# , *
.♣♣...♣♣♣H∆ ∆ **,,{ ,,#.


You could see a war gargoyle (fast, catching breath), a vault sentinel, a
lindwurm (distracted, ally target) and a friendly eldritch tentacle.

Vanquished Creatures
  A lich (Abyss:3)
  A shard shrike zombie (Abyss:3)
  Mlioglotl (Shoals:1)
  Asterion (Elf:1)
  A tentacled starspawn (Abyss:3)
  A sphinx (Shoals:3)
  A tengu reaver (Vaults:1)
  Kirke (Shoals:2)
  A revenant (Vaults:3)
  Roxanne (Shoals:1)
  8 vault wardens
  A deep elf sorcerer (Elf:2)
  An orc warlord (Orc:2)
  9 ironbound preservers
  An angel (Abyss:3)
  A war gargoyle (Vaults:2)
  A deep elf demonologist (Elf:2)
  4 very ugly things (Vaults:2)
  5 ironbound thunderhulks
  4 minotaurs
  2 stone giants
  3 dire elephants (Vaults:2)
  A deep elf death mage (Elf:2)
  An eidolon (Abyss:3)
  2 merfolk javelineers
  2 yaktaur captains (Vaults:1)
  2 merfolk impalers
  A fire dragon (D:14)
  Josephine (Lair:4)
  4 great orbs of eyes
  8 hydras
  An ogre mage (D:15)
  A rakshasa (Abyss:3)
  A catoblepas (Lair:5)
  5 boulder beetles
  2 peacekeepers
  An alligator snapping turtle (Shoals:3)
  10 two-headed ogres
  10 centaur warriors
  3 ironbound frosthearts
  13 dancing weapons
  2 merfolk aquamancers
  2 merfolk avatars
  25 death yaks
  2 tengu warriors (D:15)
  8 satyrs
  5 thrashing horrors
  2 orc high priests (Orc:2)
  18 deep elf knights
  2 sixfirhies (Abyss:3)
  A wretched star (Abyss:3)
  2 skeletal warriors (D:15)
  9 sea snakes
  An orange crystal statue (Gauntlet)
  3 wizards
  Pikel (D:4)
  39 deep trolls
  3 necromancers
  3 harpies (Shoals:4)
  9 orc knights
  2 phantasmal warriors
  7 ironbound convokers
  23 deep elf pyromancers
  24 deep elf zephyrmancers
  5 deep elf archers
  15 ugly things
  7 cyclopes
  5 orc sorcerers
  13 manticores
  12 fauns
  A tengu skeleton (D:15)
  3 stone giant skeletons (D:15)
  A naga zombie (Abyss:3)
  9 merfolk sirens
  7 black mambas
  15 elephants
  4 vault sentinels
  2 torpor snails
  6 smoke demons
  14 cane toads
  A gargoyle (D:7)
  Maggie (D:6)
  An orange demon (Abyss:3)
  11 water nymphs
  3 kobold demonologists (D:12)
  An unseen horror (Abyss:3)
  8 rime drakes
  6 komodo dragons
  37 yaktaurs
  A freezing wraith (Abyss:3)
  18 merfolk
  3 meliai (D:14)
  8 trolls
  An ancient zyme (Lair:6)
  A hornet (shapeshifter) (Abyss:3)
  A polar bear (Lair:5)
  24 blink frogs
  5 wind drakes
  5 hornets
  A tarantella (shapeshifter) (D:13)
  16 slime creatures
  A raiju (shapeshifter) (D:14)
  19 dream sheep
  7 snapping turtles
  8 raiju
  An air elemental (Elf:2)
  8 water elementals
  Sigmund (D:4)
  2 spriggans (Lair:6)
  2 ynoxinuls (Lair:6)
  4 flying skulls (Abyss:3)
  4 wyverns
  8 large abominations
  42 yaks
  A vampire (D:12)
  8 basilisks
  6 wraiths
  4 fire elementals (Elf:1)
  2 hogs (Shoals:2)
  A fire bat (shapeshifter) (Lair:6)
  8 vampire mosquitoes
  2 redbacks (Lair:3)
  4 steam dragons
  A neqoxec (Abyss:3)
  A warg (Orc:2)
  Edmund (D:4)
  2 acid dragons
  12 water moccasins
  49 orc warriors
  An ice beast (D:7)
  3 sky beasts (D:7)
  6 starcursed masses (Abyss:3)
  A black bear (D:7)
  9 ogres
  18 wolves
  13 centaurs
  3 phantoms
  3 kobold brigands
  12 bullfrogs
  2 gnoll sergeants
  2 earth elementals
  9 scorpions
  3 wights (D:8)
  7 killer bees
  4 howler monkeys
  3 electric eels
  A gnoll shaman (Orc:2)
  2 jellies (D:7)
  9 orc priests
  4 hounds
  An iron imp (Abyss:3)
  17 orc wizards
  12 small abominations
  Crazy Yiuf (D:7)
  4 iguanas
  2 yak simulacra (Lair:3)
  3 polar bear simulacra (Lair:3)
  2 wolf simulacra (Lair:3)
  11 gnolls
  6 adders
  3 white imps
  An ufetubus (D:7)
  A worm (D:2)
  3 dart slugs
  66 orcs
  7 endoplasms
  15 giant cockroaches
  6 goblins
  11 hobgoblins
  3 jackals (D:5)
  2 quokkas
  5 ball pythons
  10 bats
  21 kobolds
  8 rats
  4 river rat simulacra (Lair:3)
  A spectral orc (D:8)
  2 starspawn tentacles (Abyss:3)
1136 creatures vanquished.

Vanquished Creatures (collateral kills)
  A war gargoyle (Vaults:3)
  An ironbound preserver (Vaults:2)
  The ghost of Boig the Cleaver, a journeyman GrFi of the Shining One (D:14)
  2 two-headed ogres
  2 centaur warriors (Vaults:2)
  An alligator snapping turtle (Shoals:4)
  2 deep trolls (Vaults:2)
  A deep elf pyromancer (Elf:1)
  A lindwurm (Vaults:3)
  2 fauns (Shoals:1)
  A necromancer (Lair:3)
  2 ugly things
  3 merfolk sirens
  A water nymph (Shoals:1)
  A freezing wraith (Vaults:3)
  2 merfolk
  A snapping turtle (Shoals:4)
  A slime creature (Vaults:2)
  A yak (D:9)
  2 orc warriors
  3 gnolls
  5 orcs
  A hobgoblin (Bailey)
  A goblin (Bailey)
  4 kobolds (Bailey)
43 creatures vanquished.

Vanquished Creatures (others)
  Nikola (Elf:1)
  An eldritch tentacle (Vaults:3)
  A deep elf zephyrmancer (Elf:1)
  A manticore (Shoals:4)
  2 dancing weapons
  A gnoll (D:7)
  An adder (D:6)
  44 fungi
  104 plants
  6 snaplasher vines
  2 withered plants (D:15)
164 creatures vanquished.

Grand Total: 1343 creatures vanquished

Notes
Turn   | Place    | Note
-------+----------+-------------------------------------------
     0 | D:1      | Bruhh the Gnoll Ice Elementalist began the quest for the
                  | Orb.
     0 | D:1      | Reached XP level 1. HP: 13/13 MP: 6/6
   466 | D:1      | Reached XP level 2. HP: 19/19 MP: 5/7
  1076 | D:2      | Identified the +3 war axe "Fanar" {holy, rElec rC++ Will-
                  | Dex+3}
  1122 | D:2      | Reached XP level 3. HP: 25/25 MP: 9/9
  1139 | D:2      | Reached skill level 5 in Spellcasting
  1387 | D:2      | Reached skill level 1 in Invocations
  1474 | D:2      | Found a sacrificial altar of Ru.
  2020 | D:2      | Reached skill level 1 in Fighting
  2020 | D:2      | Reached skill level 1 in Short Blades
  2020 | D:2      | Reached skill level 1 in Long Blades
  2020 | D:2      | Reached skill level 1 in Axes
  2020 | D:2      | Reached skill level 1 in Maces & Flails
  2020 | D:2      | Reached skill level 1 in Polearms
  2020 | D:2      | Reached skill level 1 in Staves
  2020 | D:2      | Reached skill level 1 in Slings
  2020 | D:2      | Reached skill level 1 in Bows
  2020 | D:2      | Reached skill level 1 in Crossbows
  2020 | D:2      | Reached skill level 1 in Throwing
  2020 | D:2      | Reached skill level 1 in Armour
  2020 | D:2      | Reached skill level 1 in Shields
  2020 | D:2      | Reached skill level 1 in Unarmed Combat
  2020 | D:2      | Reached skill level 1 in Evocations
  2192 | D:3      | Found a faded altar of an unknown god.
  2532 | D:3      | Reached XP level 4. HP: 32/32 MP: 11/11
  3404 | D:4      | Noticed a phantom
  3404 | D:4      | Noticed a scorpion
  3408 | D:4      | Reached skill level 1 in Conjurations
  3408 | D:4      | Reached skill level 1 in Hexes
  3408 | D:4      | Reached skill level 1 in Summonings
  3408 | D:4      | Reached skill level 1 in Necromancy
  3408 | D:4      | Reached skill level 1 in Translocations
  3408 | D:4      | Reached skill level 1 in Transmutations
  3408 | D:4      | Reached skill level 1 in Fire Magic
  3408 | D:4      | Reached skill level 1 in Air Magic
  3408 | D:4      | Reached skill level 1 in Earth Magic
  3408 | D:4      | Reached skill level 1 in Poison Magic
  3415 | D:3      | Killed a scorpion
  3416 | D:3      | Reached XP level 5. HP: 23/37 MP: 12/12
  3420 | D:3      | Learned a level 3 spell: Frozen Ramparts
  3424 | D:3      | Learned a level 3 spell: Ozocubu's Armour
  3516 | D:4      | Noticed a lemure
  3516 | D:4      | Noticed a lemure
  3517 | D:4      | Noticed Pikel
  3517 | D:4      | Noticed a lemure
  3518 | D:4      | Noticed a lemure
  3596 | D:4      | Killed a phantom
  3597 | D:4      | Reached XP level 6. HP: 44/44 MP: 13/13
  3691 | D:4      | Reached skill level 5 in Dodging
  3693 | D:4      | Killed Pikel
  3693 | D:4      | Noticed Edmund
  3694 | D:4      | Reached skill level 5 in Stealth
  3694 | D:4      | Reached XP level 7. HP: 16/51 MP: 14/15
  4058 | D:4      | Noticed Sigmund
  4071 | D:4      | Killed Sigmund
  4072 | D:4      | Reached XP level 8. HP: 35/58 MP: 15/16
  4073 | D:4      | Killed Edmund
  4238 | D:4      | Found a radiant altar of Vehumet.
  4241 | D:4      | Found an ancient bone altar of Kikubaaqudgha.
  4242 | D:4      | Found a shimmering blue altar of Sif Muna.
  4398 | D:4      | Got Kikubaaqudgha's Grimoire of Black Arts
  4444 | D:4      | Identified the ring of Deekaf {rPois Dex+3 SInv}
  4861 | D:5      | Entered Level 5 of the Dungeon
  5319 | D:5      | Found a staircase to the Ecumenical Temple.
  5349 | Temple   | Entered the Ecumenical Temple
  5404 | Temple   | Became a worshipper of Ashenzari the Shackled
  5486 | D:5      | Reached XP level 9. HP: 59/65 MP: 18/18
  5581 | D:5      | Found a shimmering altar of Xom.
  5961 | D:6      | Found a burning altar of Makhleb.
  6831 | D:6      | Noticed Maggie
  6843 | D:6      | Killed Maggie
  7106 | D:7      | Reached skill level 5 in Invocations
  7221 | D:7      | Reached * piety under Ashenzari
  7221 | D:7      | Identified a scroll of acquirement
  7300 | D:7      | Found an iron altar of Okawaru.
  7645 | D:7      | Found a runed translucent door.
  7647 | D:7      | Identified the +6 mace of Fimbulwinter {flame, Drain Str-4
                  | Int+8 Dex+9}
  7648 | D:7      | Noticed Crazy Yiuf
  7693 | D:7      | Killed Crazy Yiuf
  7767 | D:7      | Found a bloodstained altar of Trog.
  7901 | D:7      | Reached XP level 10. HP: 73/73 MP: 20/20
  8068 | D:7      | Reached skill level 5 in Fighting
  8068 | D:7      | Reached skill level 5 in Short Blades
  8068 | D:7      | Reached skill level 5 in Long Blades
  8068 | D:7      | Reached skill level 5 in Axes
  8068 | D:7      | Reached skill level 5 in Maces & Flails
  8068 | D:7      | Reached skill level 5 in Polearms
  8068 | D:7      | Reached skill level 5 in Staves
  8068 | D:7      | Reached skill level 5 in Slings
  8068 | D:7      | Reached skill level 5 in Bows
  8068 | D:7      | Reached skill level 5 in Crossbows
  8068 | D:7      | Reached skill level 5 in Throwing
  8068 | D:7      | Reached skill level 5 in Armour
  8068 | D:7      | Reached skill level 5 in Shields
  8068 | D:7      | Reached skill level 5 in Unarmed Combat
  8068 | D:7      | Reached skill level 5 in Evocations
  8082 | D:7      | Noticed a gargoyle
  8090 | D:7      | Killed a gargoyle
  8224 | D:7      | Found a shimmering blue altar of Sif Muna.
  8224 | D:7      | Found an ancient bone altar of Kikubaaqudgha.
  8224 | D:7      | Noticed an eight-headed hydra
  8232 | D:7      | Killed an eight-headed hydra
  8417 | D:7      | Found a glowing silver altar of Zin.
  8417 | D:7      | Found a burning altar of Makhleb.
  8430 | D:7      | Reached ** piety under Ashenzari
  8441 | D:7      | Noticed a deep elf pyromancer
  8447 | D:7      | Noticed an eight-headed hydra
  8503 | D:7      | Killed an eight-headed hydra
  8633 | D:7      | Noticed a purple ugly thing
  8895 | D:8      | Identified the cursed +0 pair of gloves of Ashenzari's
                  | Discomfort {Bglg, Evo} (You found it on level 2 of the
                  | Dungeon)
  8895 | D:8      | Identified the cursed +0 pair of boots of the Shattered
                  | Augurer {Bglg, Fort} (You found it on level 3 of the
                  | Dungeon)
  9152 | D:8      | Learned a level 4 spell: Hailstorm
  9156 | D:8      | Learned a level 3 spell: Tukima's Dance
  9213 | D:8      | Found a basalt altar of Yredelemnul.
  9259 | D:8      | Identified the +2 cloak of the Pink Corner {Fly rCorr
                  | Dex-5}
  9259 | D:8      | Noticed a two-headed ogre
  9264 | D:8      | Killed a two-headed ogre
  9265 | D:8      | Reached XP level 11. HP: 81/81 MP: 22/22
  9615 | D:9      | Reached skill level 5 in Conjurations
  9615 | D:9      | Reached skill level 5 in Hexes
  9615 | D:9      | Reached skill level 5 in Summonings
  9615 | D:9      | Reached skill level 5 in Necromancy
  9615 | D:9      | Reached skill level 5 in Translocations
  9615 | D:9      | Reached skill level 5 in Transmutations
  9615 | D:9      | Reached skill level 5 in Fire Magic
  9615 | D:9      | Reached skill level 5 in Air Magic
  9615 | D:9      | Reached skill level 5 in Earth Magic
  9615 | D:9      | Reached skill level 5 in Poison Magic
  9617 | D:9      | Noticed a two-headed ogre
  9627 | D:9      | Killed a two-headed ogre
  9911 | D:9      | Noticed a death yak
  9913 | D:9      | Found a staircase to the Lair.
  9919 | D:9      | Noticed a death yak
  9920 | D:9      | Noticed a death yak
  9923 | D:9      | Killed a death yak
  9923 | D:9      | Noticed a death yak
  9925 | D:9      | Noticed a death yak
 10227 | D:8      | Acquired an amulet of regeneration
 10343 | D:9      | Found a staircase to the Orcish Mines.
 10711 | D:9      | Noticed a two-headed ogre
 10714 | D:9      | Noticed a death yak
 10718 | D:9      | Killed a two-headed ogre
 10730 | D:9      | Killed a death yak
 10882 | D:9      | Killed a death yak
 10883 | D:9      | Killed a death yak
 10884 | D:9      | Killed a death yak
 10901 | D:9      | Killed a death yak
 10902 | D:9      | Reached XP level 12. HP: 44/89 MP: 8/24
 11077 | Lair:1   | Entered Level 1 of the Lair of Beasts
 11099 | Lair:1   | Noticed a five-headed hydra
 11111 | Lair:1   | Killed a five-headed hydra
 12079 | Lair:2   | Noticed a boulder beetle
 12096 | Lair:2   | Found a transporter.
 12108 | Lair:2   | Found a transporter.
 12197 | Lair:2   | Found a one-way gate to the infinite horrors of the Abyss.
 12197 | Lair:2   | Noticed makewrite's ghost (journeyman MiBe)
 12208 | Lair:2   | Noticed a two-headed ogre
 12229 | Lair:2   | Noticed a six-headed hydra
 12246 | Lair:2   | Noticed a shock serpent
 12246 | Lair:2   | a merfolk changed into a shock serpent
 12250 | Lair:2   | Killed a six-headed hydra
 12259 | Lair:2   | Noticed a two-headed ogre
 12259 | Lair:2   | a shock serpent changed into a two-headed ogre
 12261 | Lair:2   | a two-headed ogre changed into a glowing shapeshifter
 12275 | Lair:2   | Noticed a two-headed ogre
 12275 | Lair:2   | a manticore changed into a two-headed ogre
 12282 | Lair:2   | a two-headed ogre changed into a swamp dragon
 12523 | Lair:2   | Noticed an eleionoma
 12524 | Lair:2   | Noticed an emperor scorpion
 12524 | Lair:2   | an eleionoma changed into an emperor scorpion
 12526 | Lair:2   | Noticed a storm dragon
 12526 | Lair:2   | an emperor scorpion changed into a storm dragon
 12527 | Lair:2   | a boulder beetle changed into a water nymph
 12528 | Lair:2   | Noticed an anaconda
 12528 | Lair:2   | Noticed a quicksilver ooze
 12528 | Lair:2   | a storm dragon changed into a quicksilver ooze
 12529 | Lair:2   | Noticed an emperor scorpion
 12529 | Lair:2   | a quicksilver ooze changed into an emperor scorpion
 12530 | Lair:2   | Noticed a minotaur
 12530 | Lair:2   | an emperor scorpion changed into a minotaur
 12536 | Lair:2   | Noticed a death yak
 12536 | Lair:2   | a minotaur changed into a death yak
 12541 | Lair:2   | Noticed a catoblepas
 12541 | Lair:2   | a death yak changed into a catoblepas
 12548 | Lair:2   | Noticed an azure jelly
 12548 | Lair:2   | a catoblepas changed into an azure jelly
 12904 | Lair:2   | Noticed an acid blob
 13278 | Lair:3   | Reached XP level 13. HP: 98/98 MP: 26/26
 13720 | Lair:3   | Found a staircase to the Shoals.
 13772 | Lair:3   | Gained mutation: You passively dampen the noise of your
                  | surroundings. [potion of mutation]
 13772 | Lair:3   | Gained mutation: You are partially covered in iridescent
                  | scales. (AC +2) [potion of mutation]
 13772 | Lair:3   | Gained mutation: You are frail. (-10% HP) [potion of
                  | mutation]
 13773 | Lair:3   | Lost mutation: You are partially covered in iridescent
                  | scales. (AC +2) [potion of mutation]
 13773 | Lair:3   | Lost mutation: You passively dampen the noise of your
                  | surroundings. [potion of mutation]
 13773 | Lair:3   | Lost mutation: You are frail. (-10% HP) [potion of
                  | mutation]
 13773 | Lair:3   | Gained mutation: You have a pair of small horns on your
                  | head. [potion of mutation]
 13773 | Lair:3   | Gained mutation: Your spells are a little harder to cast,
                  | but a little more powerful. [potion of mutation]
 13773 | Lair:3   | Gained mutation: You passively map a small area around you.
                  | [potion of mutation]
 14002 | Lair:3   | Found a hole to the Spider Nest.
 14406 | Lair:3   | Learned a level 5 spell: Irradiate
 14422 | Lair:3   | Gained mutation: You sometimes lose the ability to read
                  | scrolls when taking damage. [mutagenic glow]
 14660 | Lair:4   | Reached skill level 10 in Ice Magic
 14709 | Lair:4   | Identified the +6 chain mail "Cuoluos" {Str+3}
 14743 | Lair:4   | Learned a level 5 spell: Borgnjor's Vile Clutch
 14859 | Lair:4   | Noticed Josephine
 14872 | Lair:4   | Reached skill level 10 in Spellcasting
 14874 | Lair:4   | Killed Josephine
 15082 | Lair:4   | Reached *** piety under Ashenzari
 15568 | Lair:4   | Reached skill level 10 in Dodging
 15568 | Lair:4   | Reached XP level 14. HP: 102/111 MP: 29/29
 15815 | Lair:5   | Found an ancient bone altar of Kikubaaqudgha.
 16118 | Lair:5   | Reached skill level 10 in Stealth
 16214 | Lair:5   | Reached skill level 10 in Invocations
 17056 | Lair:6   | Entered Level 6 of the Lair of Beasts
 17326 | Lair:6   | Learned a level 6 spell: Iron Shot
 17873 | Lair:6   | Reached XP level 15. HP: 116/119 MP: 31/31
 18260 | Lair:6   | Found a viscous altar of Jiyva.
 18260 | Lair:6   | Found a staircase to the Slime Pits.
 19275 | Lair:6   | Reached skill level 10 in Fighting
 19275 | Lair:6   | Reached skill level 10 in Short Blades
 19275 | Lair:6   | Reached skill level 10 in Long Blades
 19275 | Lair:6   | Reached skill level 10 in Axes
 19275 | Lair:6   | Reached skill level 10 in Maces & Flails
 19275 | Lair:6   | Reached skill level 10 in Polearms
 19275 | Lair:6   | Reached skill level 10 in Staves
 19275 | Lair:6   | Reached skill level 10 in Slings
 19275 | Lair:6   | Reached skill level 10 in Bows
 19275 | Lair:6   | Reached skill level 10 in Crossbows
 19275 | Lair:6   | Reached skill level 10 in Throwing
 19275 | Lair:6   | Reached skill level 10 in Armour
 19275 | Lair:6   | Reached skill level 10 in Shields
 19275 | Lair:6   | Reached skill level 10 in Unarmed Combat
 19275 | Lair:6   | Reached skill level 10 in Evocations
 19441 | Lair:6   | Found a corrupted altar of Lugonu.
 19757 | Orc:1    | Entered Level 1 of the Orcish Mines
 19891 | Orc:1    | Found Jumuhe's Antique Weapon Shop.
 19909 | Orc:2    | Entered Level 2 of the Orcish Mines
 20005 | Orc:2    | Found Cubresiy's General Store.
 20457 | Orc:2    | Found Lefir's Antique Armour Shoppe.
 20500 | Orc:2    | Lost mutation: You have a pair of small horns on your head.
                  | [potion of mutation]
 20500 | Orc:2    | Lost mutation: Your spells are a little harder to cast, but
                  | a little more powerful. [potion of mutation]
 20500 | Orc:2    | Lost mutation: You sometimes lose the ability to read
                  | scrolls when taking damage. [potion of mutation]
 20500 | Orc:2    | Gained mutation: Your flesh is cold resistant. (rC+)
                  | [potion of mutation]
 20500 | Orc:2    | Gained mutation: You possess an exceptional clarity of
                  | mind. [potion of mutation]
 20500 | Orc:2    | Gained mutation: Your skin changes colour to match your
                  | surroundings (Stealth+). [potion of mutation]
 20500 | Orc:2    | Gained mutation: You are agile. (Dex +2) [potion of
                  | mutation]
 20635 | Orc:2    | Found Asomiar's Book Shop.
 20635 | Orc:2    | Noticed an orc warlord
 21323 | Orc:2    | Killed an orc warlord
 21595 | Orc:2    | Bought a book of the Wilderness for 418 gold pieces
 21601 | Orc:2    | Learned a level 5 spell: Summon Mana Viper
 21607 | Orc:2    | Learned a level 5 spell: Summon Forest
 21680 | Orc:2    | Found Ufir's Antique Weapon Boutique.
 21975 | Orc:2    | Found a staircase to the Elven Halls.
 22086 | Elf:1    | Entered Level 1 of the Elven Halls
 22638 | Elf:1    | Noticed Nikola
 22645 | Elf:1    | Killed Nikola
 22928 | Elf:1    | Reached **** piety under Ashenzari
 22935 | Elf:1    | Reached XP level 16. HP: 129/129 MP: 29/33
 24114 | Elf:1    | Noticed Asterion
 25140 | Elf:1    | Killed Asterion
 25659 | Elf:2    | Cast into level 3 of the Abyss (a deep elf sorcerer)
 26074 | Abyss:3  | Noticed a lich
 26091 | Abyss:3  | Killed a lich
 26098 | Abyss:3  | Gained mutation: You are dopey. (Int -2) [mutagenic glow]
 26253 | Abyss:3  | Lost mutation: You possess an exceptional clarity of mind.
                  | [a neqoxec]
 26257 | Abyss:3  | Noticed a tentacled starspawn
 26559 | Abyss:3  | Noticed a tentacled starspawn
 26563 | Abyss:3  | Killed a tentacled starspawn
 26604 | Abyss:3  | Paralysed by a hornet for 1 turns
 26782 | Elf:2    | Escaped the Abyss
 27110 | Elf:2    | Paralysed by an air elemental for 1 turns
 27503 | Elf:2    | Found a runed translucent gate.
 27504 | Elf:2    | Found a runed translucent gate.
 27504 | Elf:2    | Found a runed translucent gate.
 28389 | Shoals:1 | Entered Level 1 of the Shoals
 28555 | Shoals:1 | Found Ostabipt's General Store.
 28569 | Shoals:1 | Reached XP level 17. HP: 137/137 MP: 35/35
 28789 | Shoals:1 | Noticed Mlioglotl
 28798 | Shoals:1 | Noticed a lich
 28812 | Shoals:1 | Noticed a bone dragon
 28814 | Shoals:1 | Killed Mlioglotl
 29103 | Shoals:1 | Found Viemi's Jewellery Shoppe.
 29220 | Shoals:1 | Found Hioloy's Armour Shoppe.
 29407 | Shoals:1 | Bought a +2 helmet of intelligence for 322 gold pieces
 29429 | Shoals:1 | Noticed Roxanne
 29440 | Shoals:1 | Killed Roxanne
 29458 | Shoals:1 | Learned a level 6 spell: Statue Form
 29641 | Shoals:1 | Identified the cursed +0 troll leather armour "Gnosis of
                  | Ashenzari" {Regen+, Comp, Elem} (You found it on level 2 of
                  | the Orcish Mines)
 30522 | Shoals:2 | Noticed Kirke
 30551 | Shoals:2 | Killed Kirke
 30747 | Shoals:2 | Noticed Edux's ghost (journeyman MiBe)
 30893 | Shoals:2 | Found a runed translucent gate.
 30894 | Shoals:2 | Found a runed translucent gate.
 30895 | Shoals:2 | Found a runed translucent gate.
 32449 | Shoals:4 | Entered Level 4 of the Shoals
 32463 | Shoals:4 | Reached skill level 10 in Conjurations
 32463 | Shoals:4 | Reached skill level 10 in Hexes
 32463 | Shoals:4 | Reached skill level 10 in Summonings
 32463 | Shoals:4 | Reached skill level 10 in Necromancy
 32463 | Shoals:4 | Reached skill level 10 in Translocations
 32463 | Shoals:4 | Reached skill level 10 in Transmutations
 32463 | Shoals:4 | Reached skill level 10 in Fire Magic
 32463 | Shoals:4 | Reached skill level 10 in Air Magic
 32463 | Shoals:4 | Reached skill level 10 in Earth Magic
 32463 | Shoals:4 | Reached skill level 10 in Poison Magic
 32470 | Shoals:4 | Gained mutation: You passively map the area around you.
                  | [mutagenic glow]
 32776 | Shoals:4 | Noticed a sphinx
 32915 | Shoals:4 | Paralysed by a sphinx for 4 turns
 32922 | Shoals:3 | Killed a sphinx
 33647 | Shoals:4 | Reached XP level 18. HP: 146/146 MP: 30/36
 33945 | Shoals:4 | Identified the +9 mace of the Abyss {vorpal, rF+}
 33953 | Shoals:4 | Got a barnacled rune of Zot
 33981 | Shoals:4 | Identified the ring "Amiugaw" {rN+ Int+5 SInv}
 34312 | D:10     | Entered Level 10 of the Dungeon
 34416 | D:10     | Found a flagged portal.
 34460 | Bailey   | Entered a bailey
 34588 | Bailey   | Identified the +0 robe of Going Fast {rN+}
 34892 | D:10     | Found a glowing golden altar of the Shining One.
 36165 | D:12     | Found a gate leading to a gauntlet.
 36178 | Gauntlet | Entered a Gauntlet
 36178 | Gauntlet | Found a transporter.
 36178 | Gauntlet | Found a transporter.
 36178 | Gauntlet | Found a runed translucent door.
 36178 | Gauntlet | Found a runed translucent door.
 36188 | Gauntlet | Found a transporter.
 36189 | Gauntlet | Found a transporter.
 36192 | Gauntlet | Found a transporter.
 36192 | Gauntlet | Found a transporter.
 36302 | Gauntlet | Found a transporter.
 36302 | Gauntlet | Found a transporter.
 36303 | Gauntlet | Found a transporter.
 36457 | Gauntlet | Found a transporter.
 36457 | Gauntlet | Found a transporter.
 36457 | Gauntlet | Identified the +10 falchion "Taroep" {drain, *Noise rCorr
                  | Int+9}
 36457 | Gauntlet | Identified the +0 cloak of Duzxis {Str+7 Stlth+}
 36633 | Gauntlet | Found the +8 demon blade "Leech" {vamp, Harm Drain rN+}
 36633 | Gauntlet | Identified the ring "Vethiys" {Str+2 Int+6 Dex+4}
 38359 | D:14     | Found a gate to the Vaults.
 38783 | D:14     | Identified the +0 chain mail of the Bagpipe {rPois rF+}
 38785 | D:14     | Found a runed translucent gate.
 38785 | D:14     | Found a runed translucent gate.
 38785 | D:14     | Found a runed translucent gate.
 38787 | D:14     | Identified the +5 rapier "Hismyu" {pain, Stlth+}
 38793 | D:14     | Noticed Boig's ghost (journeyman GrFi)
 38824 | D:14     | Killed Boig's ghost
 38987 | D:14     | Found a glowing silver altar of Zin.
 39653 | D:15     | Entered Level 15 of the Dungeon
 39659 | D:15     | Found a broken altar of Ashenzari.
 39694 | D:15     | Found an iron altar of Okawaru.
 39927 | D:15     | Paralysed by an ogre mage for 2 turns
 40031 | D:15     | Found a staircase to the Depths.
 40952 | Vaults:1 | Entered Level 1 of the Vaults
 40961 | Vaults:1 | Found Coivis's Antique Weapon Emporium.
 41453 | Vaults:1 | Found Daujuyt's Jewellery Shop.
 42055 | Vaults:1 | Found Gerghut's Antique Armour Shoppe.
 42075 | Vaults:1 | Reached XP level 19. HP: 157/157 MP: 24/39
 42189 | Vaults:1 | Found Wegip's Magic Scroll Shoppe.
 42229 | Vaults:1 | Found Vuikh's Assorted Antiques.
 43001 | Vaults:2 | Gained mutation: Your body sometimes deteriorates upon
                  | taking damage. [mutagenic glow]
 43010 | Vaults:2 | Gained mutation: You tend to lose your temper in combat.
                  | [mutagenic glow]
 43028 | Vaults:2 | Gained mutation: You are occasionally teleported next to
                  | monsters. [mutagenic glow]
 43038 | Vaults:2 | Gained mutation: Potions are less effective at restoring
                  | your health. [mutagenic glow]
 44707 | Vaults:2 | Lost mutation: You are agile. (Dex +2) [mutagenic glow]
 45103 | Vaults:3 | Found a staircase to the Crypt.
 45239 | Vaults:3 | Reached XP level 20. HP: 147/147 MP: 37/41
 45775 | Vaults:3 | Found a runed translucent gate.
 45775 | Vaults:3 | Found a runed translucent gate.
 45775 | Vaults:3 | Identified the +8 plate armour "Xan Goaci" {Drain rPois
                  | rCorr}
 45775 | Vaults:3 | Noticed Corraure's ghost (adept FoFi)
 45776 | Vaults:3 | Found a runed translucent gate.
 45806 | Vaults:3 | Reached ***** piety under Ashenzari
 45825 | Vaults:3 | Learned a level 7 spell: Malign Gateway
 45978 | Vaults:3 | HP: 7/221 [lindwurm/blast of flame (8)]
 45981 | Vaults:3 | Killed from afar by a war gargoyle

Illustrated notes

Levels and vault maps discovered:
D:1:      scummos_arrival_simple_fountains, layout_rooms
D:2:      layout_loops_corners, basic_altar, serial_glass, glass_columns_b,
          glass_columns_c, minmay_hexomino_f4
D:3:      layout_basic, basic_ecumenical_altar, minmay_fractal_squares_gapless_5
D:4:      layout_rooms, grunt_temple_overflow_magic_moments,
          gup_sewer_entry_pipe, sigmund_edmund_badplayer, uniq_pikel
D:5:      old_forge, layout_basic, kennysheep_mini, minmay_temple_entry_arrows,
          uniq_sigmund
D:6:      layout_loops_cross, lemuel_crystal_altar, uniq_edmund, uniq_maggie
D:7:      minmay_the_grid_octo_2x2 [minmay_the_grid_octo_toaster,
          minmay_the_grid_octo_77, minmay_the_grid_octo_shrine,
          minmay_the_grid_octo_prize_square_snowflake], layout_basic,
          mainiacjoe_overflow_small_starburst,
          mainiacjoe_overflow_surrounded_room, lemuel_flame_loot_1,
          uniq_crazy_yiuf_cottage
D:8:      layout_gridville, yredelemnul_forgotten_temple_becter
D:9:      layout_long_grid, dpeg_lair_monsters, hiddenorc1_lemuel
D:10:     layout_loops_ring, tso_metal_star, enter_bailey_2,
          hangedman_decor_opposing
D:11:     layout_irregular_city
D:12:     layout_small_grid, gauntlet_entry_generic
D:13:     layout_cave_pools, minivault_14, kennysheep_generic_room_15
D:14:     layout_gridville, david_vaults_4, chequers_serial_rivers_small_b,
          ebering_ghost_rock_garden, zin_treasury
D:15:     gammafunk_depths_entry_grave, layout_loops_corners,
          nicolae_ashenzari_skybound, okawaru_metal_pillars_3
Temple:   dshaligram_water_room_temple
Lair:1:   layout_cellular_growth, lemuel_fruit_tree
Lair:2:   layout_concentric_octagons, gammafunk_ghost_abyssal_escape,
          infiniplex_staircase_pool_2
Lair:3:   layout_gridlike, elwin_shoals_entry_stream,
          spider_nest_entry_funnel_web, eino_house_with_fridge
Lair:4:   layout_loops_ring, minmay_holes, minmay_lair_drake_nest,
          uniq_josephine
Lair:5:   layout_hall_layers, basic_altar, nicolae_quartered_pool_impasse,
          chequers_serial_rivers_micro_d, beast_lair_carwin_4,
          infiniplex_staircase_pool, grunt_megastairs_3
Lair:6:   hellmonk_lair_end_abyssal_woods, layout_regular_city,
          dpeg_slime_entry_enclosed_altar, serial_bayou_pond_a,
          serial_bayou_shore_a, lemuel_fruit_fields, grunt_megastairs_5,
          lemuel_fruit_fields
Shoals:1: layout_shoals, serial_shops, shop_statue, nicolae_take_the_stairs,
          nicolae_square_shop, nicolae_shoals_nymph_descending_staircase,
          uniq_roxanne, uniq_mlioglotl
Shoals:2: layout_shoals, ebering_ghost_rock_garden, uniq_kirke
Shoals:3: layout_shoals
Shoals:4: shoals_end_hellmonk_lost_city
Orc:1:    layout_caves, serial_shops, shop_statue
Orc:2:    grunt_orc_gardens, layout_caves, grunt_orc_garden, grunt_orc_garden,
          grunt_orc_garden, grunt_orc_garden
Elf:1:    eino_elf_arrival_customs, layout_loops_corners,
          hangedman_elven_crosses_minicolossus, uniq_nikola, uniq_asterion
Elf:2:    nicolae_elf_blades_crystal_corner, layout_gridlike
Vaults:1: vaults_room_boxed, ontoclasm_vaults_pinch, v_misc_30, v_pattern_3,
          nicolae_vaults_little_ls, hangedman_vaults_impose,
          nicolae_vaults_angled_halls, nicolae_vaults_what_the_h,
          vaults_room_door_hall, grunt_vaults_focal,
          nicolae_vaults_mini_display_case, layout_vaults_omnigrid,
          serial_shops, shop, shop, nicolae_lakefront_shop, shop,
          nicolae_shop_overgrown_old_shop
Vaults:2: mu_enter_wizlab_2, vaults_room_ringed_pool,
          vaults_standard_mumra_lines, grunt_vaults_hallway_long,
          nicolae_vaults_stairing_the_circle, special_room_vaults
          [special_room_orc], vaults_room_fancy_cross, vaults_room_fours,
          hangedman_vaults_river_flow, layout_vaults_omnicross
Vaults:3: biasface_ghost_orc_armoury, vaults_room_hangedman_quadrants,
          v_misc_15, v_misc_17, minmay_crypt_entry_simple_plaza,
          ontoclasm_vaults_ring_small, v_misc_18,
          nicolae_vaults_little_squares_2, grunt_vaults_hallway_short,
          vaults_room_fours, layout_vaults_chaotic_city

Skill      XL: |  1  2  3  4  5  6  7  8  9 10 11 12 13 14 15 16 17 18 19 |
---------------+----------------------------------------------------------+-----
Spellcasting   | 5 6 7 8 9 10 11 12 13 14 | 14.4
Invocations    | 1 2 3 4 5 6 7 8 9 10 11 12 13 14 | 14.7
Fighting       | 1 2 3 4 5 6 7 8 9 10 11 12 13 | 13.5
Short Blades   | 1 2 3 4 5 6 7 8 9 10 11 12 13 | 13.5
Long Blades    | 1 2 3 4 5 6 7 8 9 10 11 12 13 | 13.5
Axes           | 1 2 3 4 5 6 7 8 9 10 11 12 13 | 13.5
Maces & Flails | 1 2 3 4 5 6 7 8 9 10 11 12 13 | 13.5
Polearms       | 1 2 3 4 5 6 7 8 9 10 11 12 13 | 13.5
Staves         | 1 2 3 4 5 6 7 8 9 10 11 12 13 | 13.5
Slings         | 1 2 3 4 5 6 7 8 9 10 11 12 13 | 13.5
Bows           | 1 2 3 4 5 6 7 8 9 10 11 12 13 | 13.5
Crossbows      | 1 2 3 4 5 6 7 8 9 10 11 12 13 | 13.5
Throwing       | 1 2 3 4 5 6 7 8 9 10 11 12 13 | 13.5
Armour         | 1 2 3 4 5 6 7 8 9 10 11 12 13 | 13.5
Shields        | 1 2 3 4 5 6 7 8 9 10 11 12 13 | 13.5
Unarmed Combat | 1 2 3 4 5 6 7 8 9 10 11 12 13 | 13.5
Evocations     | 1 2 3 4 5 6 7 8 9 10 11 12 13 | 13.5
Conjurations   | 1 2 3 4 5 6 7 8 9 10 11 | 11.5
Hexes          | 1 2 3 4 5 6 7 8 9 10 11 | 11.5
Summonings     | 1 2 3 4 5 6 7 8 9 10 11 | 11.5
Necromancy     | 1 2 3 4 5 6 7 8 9 10 11 | 11.5
Translocations | 1 2 3 4 5 6 7 8 9 10 11 | 11.5
Transmutations | 1 2 3 4 5 6 7 8 9 10 11 | 11.5
Fire Magic     | 1 2 3 4 5 6 7 8 9 10 11 | 11.5
Air Magic      | 1 2 3 4 5 6 7 8 9 10 11 | 11.5
Earth Magic    | 1 2 3 4 5 6 7 8 9 10 11 | 11.5
Poison Magic   | 1 2 3 4 5 6 7 8 9 10 11 | 11.5
Dodging        | 5 6 7 8 9 10 11 12 13 14 | 14.3
Stealth        | 5 6 7 8 9 10 11 12 13 14 | 14.1
Ice Magic      | 8 9 10 11 12 13 | 13.4

Action                   |  1- 3 |  4- 6 |  7- 9 | 10-12 | 13-15 | 16-18 | 19-21 || total
-------------------------+-------+-------+-------+-------+-------+-------+-------++-------
Melee: Unarmed           |     7 |       |       |       |       |       |       ||     7
       War axe           |    28 |    24 |       |       |       |       |       ||    52
       Dagger            |     1 |       |       |       |       |       |       ||     1
       Bite              |     4 |     1 |    10 |    41 |   125 |   171 |    73 ||   425
       Punch             |     1 |       |     7 |     6 |       |       |       ||    14
       Flail             |       |       |   110 |       |       |       |       ||   110
       Mace              |       |       |    11 |   242 |   671 |   901 |   367 ||  2192
       Headbutt          |       |       |       |       |   171 |       |       ||   171
 Cast: Freeze            |    40 |    25 |    69 |   159 |   107 |       |       ||   400
       Frozen Ramparts   |       |     1 |    13 |    34 |    30 |     2 |     1 ||    81
       Ozocubu's Armour  |       |     1 |     9 |    26 |    20 |       |       ||    56
       Tukima's Dance    |       |       |       |     8 |     8 |     6 |       ||    22
       Hailstorm         |       |       |       |    16 |    15 |       |       ||    31
       Irradiate         |       |       |       |       |    23 |    71 |    37 ||   131
       Borgnjor's Vile C |       |       |       |       |    20 |    53 |     1 ||    74
       Iron Shot         |       |       |       |       |   107 |   356 |    80 ||   543
       Summon Mana Viper |       |       |       |       |     2 |     4 |       ||     6
       Summon Forest     |       |       |       |       |     1 |    10 |     4 ||    15
       Statue Form       |       |       |       |       |       |    40 |     8 ||    48
       Malign Gateway    |       |       |       |       |       |       |     2 ||     2
Invok: Curse Item        |       |       |     2 |     2 |     3 |     1 |     1 ||     9
Evoke: Wand              |       |       |       |     1 |       |       |       ||     1
  Use: Scroll            |       |       |       |     5 |     1 |    10 |     1 ||    17
       Potion            |       |       |       |     2 |     6 |     8 |     5 ||    21
 Stab: Sleeping          |     5 |     2 |     5 |     3 |     5 |     1 |     1 ||    22
       Distracted        |     1 |       |       |       |     3 |    11 |     1 ||    16
Armor: Robe              |     6 |    11 |    43 |       |       |       |       ||    60
       Steam dragon scal |       |       |    29 |   113 |   164 |       |       ||   306
       Skin              |       |       |       |    25 |       |   191 |    78 ||   294
       Troll leather arm |       |       |       |       |    17 |   101 |    58 ||   176
Dodge: Dodged            |    39 |    35 |   146 |   292 |   655 |   968 |   423 ||  2558
Block: Kite shield       |       |       |       |   224 |   762 |  1255 |   506 ||  2747

Table legend: (Time is in decaauts)
 A = Elapsed time spent in this place.
 B = Non-inter-level travel time spent in this place.
 C = Inter-level travel time spent in this place.
 D = Time resting spent in this place.
 E = Time spent auto-exploring this place.
 F = Levels seen in this place.
 G = Mean time per level.
                   A        B        C        D        E       F      G
               +--------+--------+--------+--------+--------+-----+--------+
         Total |  47289 |  45516 |   1773 |   2561 |  32633 |  36 | 1313.6 |
       Dungeon |  16867 |  16089 |    778 |    678 |  12601 |  15 | 1124.5 |
        Temple |     84 |     84 |      0 |      0 |     40 |   1 |   84.0 |
          Lair |   8920 |   8439 |    481 |    241 |   6154 |   6 | 1486.7 |
        Shoals |   6821 |   6565 |    256 |   1321 |   3825 |   4 | 1705.2 |
  Orcish Mines |   2393 |   2328 |     65 |    248 |   1473 |   2 | 1196.5 |
   Elven Halls |   5034 |   4916 |    118 |      0 |   3781 |   2 | 2517.0 |
        Vaults |   5160 |   5087 |     73 |      0 |   3895 |   3 | 1720.0 |
         Abyss |   1115 |   1115 |      0 |     73 |    370 |   1 | 1115.0 |
        Bailey |    382 |    382 |      0 |      0 |    161 |   1 |  382.0 |
      Gauntlet |    508 |    508 |      0 |      0 |    333 |   1 |  508.0 |
               +--------+--------+--------+--------+--------+-----+--------+

Top non-repeatable levels by time:
   Elf:1: 3221 daAuts
Shoals:3: 2741 daAuts
  Lair:6: 2366 daAuts
Vaults:2: 2140 daAuts
Vaults:1: 2021 daAuts
   Elf:2: 1813 daAuts
     D:7: 1752 daAuts
Shoals:1: 1681 daAuts
Shoals:2: 1668 daAuts
  Lair:3: 1612 daAuts
     D:3: 1586 daAuts
   Orc:2: 1585 daAuts
  Lair:5: 1529 daAuts
    D:14: 1512 daAuts
     D:9: 1295 daAuts
